 Dungeon Crawl Stone Soup version 0.29-a0-23-ga79f92ac9c (webtiles) character file.

Game seed: 14291759627653032510

510 flotson the Chopper (level 6, -1/48 HPs)
             Began as a Demonspawn Gladiator on Jan 30, 2022.
             Succumbed to a scorpion's poison
             ... on level 4 of the Dungeon on Jan 31, 2022.
             The game lasted 00:07:35 (4635 turns).

flotson the Chopper (Demonspawn Gladiator)          Turns: 4635, Time: 00:07:36

Health: -1/48      AC:  8    Str: 17    XL:     6   Next: 98%
Magic:  6/6        EV: 11    Int:  9    God:
Gold:   96         SH:  0    Dex: 14    Spells: 5/5 levels left

rFire   + . .      SeeInvis .   r - +4 quarterstaff (chaos)
rCold   . . .      Faith    .   (shield currently unavailable)
rNeg    . . .      Spirit   .   n - +1 scale mail {rF+}
rPois   .          Reflect  .   (helmet restricted)
rElec   .          Harm     .   q - +0 cloak
rCorr   .          Rampage  .   (no gloves)
Will    .....                   (no boots)
Stlth   ..........              (no amulet)
HPRegen 0.16/turn               (no ring)
MPRegen 0.10/turn               (no ring)

@: lethally poisoned (-1 -> -13), hasted, invisible, very quick
A: antennae 1, claws 1, foul stench 2, weakness stinger 1
a: no special abilities


You were on level 4 of the Dungeon.
You visited 1 branch of the dungeon, and saw 4 of its levels.

You collected 96 gold pieces.

Inventory:

Hand Weapons
 a - a +0 war axe
 r - a +4 quarterstaff of chaos (weapon)
Missiles
 d - a throwing net (quivered)
 e - 6 boomerangs
 i - 5 atropa-tipped darts
 p - 6 javelins
Armour
 n - a +1 scale mail of fire resistance (worn)
 q - a +0 cloak (worn)
Scrolls
 b - a scroll of acquirement {unknown}
 c - 4 scrolls of identify {unknown}
 f - a scroll of blinking {unknown}
 h - 2 scrolls of immolation {unknown}
 l - a scroll of fog {unknown}
 m - 2 scrolls of noise {unknown}
 o - a scroll of magic mapping {unknown}
 s - 3 scrolls of teleportation {unknown}
 t - a scroll of silence {unknown}
Potions
 g - 2 potions of attraction
 j - a potion of haste


   Skills:
 + Level 3.7 Fighting
 + Level 4.0 Axes
 + Level 3.4 Throwing
 + Level 2.7 Armour
 + Level 3.9 Dodging


You had 5 spell levels left.
You didn't know any spells.
Your spell library contained the following spells:

 Spells                   Type           Power      Damage    Failure   Level
 Pain                     Necr           0%         1d4       80%         1
 Conjure Flame            Conj/Fire      0%         6-21      99%         3
 Ignite Poison            Fire/Tmut/Pois 0%         N/A       99%         3
 Hailstorm                Conj/Ice       0%         3d3       100%        4
 Ice Form                 Ice/Tmut       0%         N/A       100%        4
 Sticky Flame             Conj/Fire      0%         2d3       100%        4
 Agony                    Necr           0%         N/A       100%        5
 Excruciating Wounds      Necr           0%         N/A       100%        5
 Simulacrum               Ice/Necr       0%         N/A       100%        6


Dungeon Overview and Level Annotations

Branches:
Dungeon (4/15)
 Temple: D:4-7

Altars:
Nemelex Xobeh
Sif Muna

Annotations:
D:3 2 transporters, robertstho's ghost, amateur DjFE


Innate Abilities, Weirdness & Mutations

You have a pair of small antennae on your head.
You have sharp fingernails.
You sometimes emit foul miasma when damaged in melee.
You have a small tail.


Message History

The giant cockroach bites you. The scorpion barely misses you.
The orc priest calls upon Beogh to heal the orc warrior.
The orc warrior is healed somewhat.
The scorpion stings you!
You are poisoned.
The scorpion poisons you!
You feel very sick.
Found 19 sling bullets.
You feel sick.
You feel sick.
You feel sick.
You feel sick.
The scorpion stings you but does no damage.
You feel sick.
You see here 19 sling bullets.
You feel sick.
You feel sick.
You are no longer poisoned.
The scorpion stings you.
* * * LOW HITPOINT WARNING * * *
You emit a cloud of foul miasma!
The scorpion is engulfed in dark miasma.
The scorpion is poisoned.
It was a potion of haste.
You feel yourself speed up.
The orc priest looks braver for a moment.
The scorpion stings you.
* * * LOW HITPOINT WARNING * * *
You are lethally poisoned!
The scorpion poisons you!
Unknown command.
It was a potion of invisibility.
You fade into invisibility!
* * * LOW HITPOINT WARNING * * *
You feel very sick. The scorpion closely misses you.
Unknown command.
Okay, then.
Options error: Full pregeneration is not allowed on this build of crawl. (~/.crawlrc:90) Welcome back, flotson the Demonspawn Gladiator.
Press ? for a list of commands and other information.
You die...

......g###### #.#
.......o.o..# #.#
...††#.####o####.# ##
..##.#.#....o..oo###....
.........##.####B....#
.#####.####.####○##### .
#.####.##.#s# . ##......#
#..##########
#.))####.###@##.......#
#...### # ##.#.......#
#...##.## ##.<>.....#
#####...###.## ##..[#..#...
#............###.......#
..........))..#..#.........
#...........##.#.#..####...
####.....#######.#.... ..
#.....# #.#..... #


You could see an orc warrior, a scorpion (poisoned), an orc priest and a giant
cockroach.

Vanquished Creatures
  Grinder (D:3)
  A water moccasin zombie (D:3)
  Crazy Yiuf (D:3)
  3 orc priests (D:3)
  6 adders
  An adder skeleton (D:3)
  3 worms (D:2)
  A dart slug (D:2)
  13 orcs
  4 ball pythons
  3 bats
  6 endoplasms
  5 giant cockroaches
  6 goblins
  4 hobgoblins
  2 jackals (D:2)
  3 quokkas
  3 frilled lizards
  6 kobolds
  8 rats
80 creatures vanquished.

Vanquished Creatures (others)
  A plant (D:1)
1 creature vanquished.

Grand Total: 81 creatures vanquished

Notes
Turn   | Place    | Note
-------+----------+-------------------------------------------
     0 | D:1      | flotson the Demonspawn Gladiator began the quest for the
                  | Orb.
     0 | D:1      | Reached XP level 1. HP: 16/16 MP: 1/1
   398 | D:1      | Discovered your monstrous ancestry.
   398 | D:1      | Gained mutation: You have a pair of small antennae on your
                  | head. [demonic ancestry]
   398 | D:1      | Reached XP level 2. HP: 22/22 MP: 2/2
   531 | D:1      | Found a faded altar of an unknown god.
  1041 | D:2      | HP: 1/22 [worm (5)]
  1336 | D:2      | Found a shimmering blue altar of Sif Muna.
  1424 | D:2      | Reached skill level 3 in Axes
  1424 | D:2      | Gained mutation: You may rarely emit foul miasma when
                  | damaged in melee. [demonic ancestry]
  1424 | D:2      | Reached XP level 3. HP: 21/28 MP: 3/3
  1787 | D:2      | Reached skill level 1 in Armour
  2585 | D:2      | Gained mutation: You sometimes emit foul miasma when
                  | damaged in melee. [demonic ancestry]
  2585 | D:2      | Reached XP level 4. HP: 30/34 MP: 4/4
  3059 | D:3      | Noticed Grinder
  3082 | D:3      | Paralysed by Grinder for 6 turns
  3091 | D:3      | Killed Grinder
  3092 | D:3      | Gained mutation: You have a small tail. [demonic ancestry]
  3092 | D:3      | Reached XP level 5. HP: 3/41 MP: 5/5
  3092 | D:3      | Gained mutation: You have sharp fingernails. [demonic
                  | ancestry]
  3092 | D:3      | Reached XP level 6. HP: 4/47 MP: 6/6
  3369 | D:3      | Identified the +1 robe of Wonder {rF+ Str+3}
  3412 | D:3      | Found a sparkling altar of Nemelex Xobeh.
  3606 | D:3      | Found a transporter.
  3631 | D:3      | Found a transporter.
  3631 | D:3      | Noticed robertstho's ghost (amateur DjFE)
  4440 | D:3      | Found a runed translucent door.
  4441 | D:3      | Noticed Crazy Yiuf
  4452 | D:3      | Killed Crazy Yiuf
  4599 | D:4      | Reached skill level 4 in Axes
  4608 | D:4      | Noticed an orc warrior
  4634 | D:4      | HP: 1/48 [poisoned by a scorpion]
  4635 | D:4      | Upgraded the game from 0.29-a0-22-gbf593b16ee to
                  | 0.29-a0-23-ga79f92ac9c
  4635 | D:4      | Succumbed to a scorpion's poison

Illustrated notes

Levels and vault maps discovered:
D:1:      lordsloth_arrival_two_stooges, layout_basic,
          shapermc_ecumenical_altar_acropolis
D:2:      layout_basic, basic_altar
D:3:      layout_loops_ring, nemelex_xobeh_ov_fountains_minmay,
          gammafunk_ghost_arena, palyth_stone_intersect,
          minmay_misc_feat_ornament, uniq_grinder, uniq_crazy_yiuf_cottage
D:4:      layout_loops_cross, nicolae_overflow_hidden_temple, led_sif_pool,
          chequers_garden

Skill      XL: |  1  2  3  4  5  6 |
---------------+-------------------+-----
Throwing       | 2 3 |  3.4
Axes           | 3 4 |  4.0
Dodging        | 3 |  3.9
Armour         | 1 2 |  2.7
Fighting       | 3 |  3.7

Action                   |  1- 3 |  4- 6 || total
-------------------------+-------+-------++-------
Melee: War axe           |   137 |    92 ||   229
       Quarterstaff      |       |    30 ||    30
       Tailslap          |       |    13 ||    13
       Punch             |       |     1 ||     1
Throw: Javelin           |       |     9 ||     9
       Throwing net      |       |     2 ||     2
  Use: Potion            |       |     4 ||     4
 Stab: Held in net/web   |       |     1 ||     1
Armor: Ring mail         |    51 |       ||    51
       Scale mail        |     7 |    42 ||    49
Dodge: Dodged            |    83 |    85 ||   168

Table legend: (Time is in decaauts)
 A = Elapsed time spent in this place.
 B = Non-inter-level travel time spent in this place.
 C = Inter-level travel time spent in this place.
 D = Time resting spent in this place.
 E = Time spent auto-exploring this place.
 F = Levels seen in this place.
 G = Mean time per level.
                   A        B        C        D        E       F      G
               +--------+--------+--------+--------+--------+-----+--------+
         Total |   4728 |   4489 |    239 |    444 |   3238 |   4 | 1182.0 |
       Dungeon |   4728 |   4489 |    239 |    444 |   3238 |   4 | 1182.0 |
               +--------+--------+--------+--------+--------+-----+--------+

Top non-repeatable levels by time:
     D:2: 1718 daAuts
     D:3: 1460 daAuts
     D:1: 1416 daAuts
     D:4: 133 daAuts
